 Dungeon Crawl Stone Soup version 0.26-a0-651-gb41185065b (webtiles) character file.

Game seed: 5641719396010424247

25314 Flugslaktarn the Cleaver (level 12, -10/118 HPs)
             Began as a Deep Dwarf Fighter on Oct 6, 2020.
             Was an Elder of Makhleb.
             Killed from afar by an efreet (26 damage)
             ... with a fireball
             ... on level 13 of the Dungeon.
             The game lasted 00:07:13 (8356 turns).

Flugslaktarn the Cleaver (Deep Dwarf Fighter)       Turns: 8356, Time: 00:07:13

Health: -10/118    AC: 23    Str: 24    XL:     12   Next: 88%
Magic:  0/0        EV:  6    Int: 10    God:    Makhleb [****..]
Gold:   469        SH: 12    Dex: 12    Spells: 11/11 levels left

rFire    . . .     SeeInvis .   a - +1 war axe
rCold    . . .     Faith    .   c - +0 kite shield
rNeg     . . .     Spirit   .   k - +0 plate armour
rPois    .         Reflect  .   z - +2 hat
rElec    .         Harm     .   (no cloak)
rCorr    .         Rampage  .   f - +2 pair of gloves
MR       +++..                  i - +2 pair of boots
Stlth    ..........             (no amulet)
HPRegen  0.00/turn              q - ring of protection from magic
MPRegen  0.07/turn              m - ring of protection from magic

@: non-regenerating
A: damage resistance, heal wounds, sense surroundings 2, no regeneration
a: Heal Wounds, Minor Destruction, Lesser Servant of Makhleb, Major Destruction,
Renounce Religion


You were on level 13 of the Dungeon.
You worshipped Makhleb.
Makhleb was greatly pleased with you.
You visited 2 branches of the dungeon, and saw 14 of its levels.

You collected 589 gold pieces.
You spent 120 gold pieces at shops.

Inventory:

Hand Weapons
 a - a +1 war axe (weapon)
Missiles
 y - a throwing net (quivered)
Armour
 c - a +0 kite shield (worn)
 e - a +0 chain mail
   (You took it off an orc on level 4 of the Dungeon)
 f - a +2 pair of gloves (worn)
   (You found it on level 4 of the Dungeon)
 i - a +2 pair of boots (worn)
   (You found it on level 1 of the Dungeon)
 k - a +0 plate armour (worn)
   (You took it off an orc warrior on level 9 of the Dungeon)
 z - a +2 hat (worn)
   (You found it on level 9 of the Dungeon)
Jewellery
 m - a ring of protection from magic (right hand)
   (You found it on level 5 of the Dungeon)
 q - a ring of protection from magic (left hand)
   (You found it on level 9 of the Dungeon)
 x - an uncursed ring of protection from cold {unknown}
   (You found it on level 13 of the Dungeon)
Wands
 b - a wand of digging (5)
   (You took it off Dowan on level 7 of the Dungeon)
 g - a wand of iceblast (2)
   (You found it on level 10 of the Dungeon)
 h - a wand of acid (7)
   (You found it on level 12 of the Dungeon)
 v - a wand of paralysis (16)
   (You found it on level 5 of the Dungeon)
Scrolls
 j - 3 scrolls of fog
 l - 5 scrolls of magic mapping
 n - a scroll of teleportation {unknown}
 p - 5 scrolls of enchant armour
 r - 4 scrolls of identify
 u - 5 scrolls of blinking
Potions
 d - a potion of mutation
 o - 5 potions of curing
 s - 2 potions of flight
 t - a potion of brilliance
 w - 2 potions of heal wounds
 A - 2 potions of magic {unknown}
 B - a potion of lignification


   Skills:
 * Level 10.8 Fighting
 * Level 12.5 Axes
 + Level 9.5 Armour
 + Level 9.4 Shields
 + Level 9.0 Invocations
 + Level 9.1 Evocations


You had 11 spell levels left.
You didn't know any spells.
Your spell library was empty.

Dungeon Overview and Level Annotations

Branches:
Dungeon (13/15)            Temple (1/1) D:5            Lair (0/6) D:11
    Orc (0/2) D:9
 Vaults: D:13-14

Altars:
Ashenzari
Cheibriados
Elyvilon
Gozag
Hepliaklqana
Kikubaaqudgha
Makhleb
Nemelex Xobeh
Okawaru
Qazlal
Ru
Sif Muna
Trog
Uskayaw
Wu Jian
Xom
Yredelemnul
Zin
The Shining One

Shops:
D:4 :   D:6 *

Annotations:
D:7 1 runed translucent door
D:12 3 runed translucent doors


Innate Abilities, Weirdness & Mutations

You are resistant to damage.
You can heal yourself by infusing magical energy.
You passively map the area around you.
You do not regenerate.


Message History

a +0 troll leather armour; a troll corpse You don't have enough innate magic capacity.
You now have 456 gold pieces (gained 19).
You are no longer poisoned.
You now have 469 gold pieces (gained 13).
B - a potion of lignification An efreet comes into view.
It is wielding a +4 scimitar of flaming.
An efreet is nearby!
An efreet is nearby!
An efreet is nearby!
You are too injured to fight recklessly!
You are too injured to fight recklessly!
You are too injured to fight recklessly!
You are too injured to fight recklessly!
The efreet gestures at you. The bolt of fire hits you!
* * * LOW HITPOINT WARNING * * *
The efreet gestures at you.
The fireball explodes!
The fireball engulfs you!!
You die...

######## .......#
.......#####
...........#
.......###.#############
................@...R°.#
.......###.###########.#
.......# #.# ,* *
.......###.#### ,,, , ,
.......[†.....# , ,
..#..#####.##.# ##, *
#...## #.##.#... * *.#
....# ##.#......, #.#
##..#####........., *
#.#


You could see an efreet.

Vanquished Creatures
  Jorgrun (D:12)
  A catoblepas (D:9)
  A centaur warrior (D:9)
  3 two-headed ogres
  A tengu warrior (D:10)
  A skeletal warrior (D:9)
  An unseen horror (D:11)
  An ugly thing (D:11)
  A deep elf mage (D:13)
  An elephant (D:11)
  A centaur zombie (D:11)
  Joseph (D:7)
  Maggie (D:6)
  A tengu conjurer (D:10)
  3 trolls
  2 hornets (D:12)
  2 hippogriffs
  Sigmund (D:2)
  A vampire (D:12)
  11 yaks
  A wraith (D:10)
  Grum (D:9)
  2 wyverns
  Menkaure (D:6)
  An acid dragon (D:12)
  Duvessa (D:7)
  A water moccasin (D:6)
  2 black bears
  5 ice beasts
  An eye of draining (D:13)
  A sky beast (D:2)
  10 ogres
  3 phantoms
  8 orc warriors
  4 wolves (D:9)
  A necrophage (D:9)
  2 crocodiles (D:11)
  23 centaurs
  6 big kobolds
  3 gnoll sergeants
  8 bullfrogs
  5 scorpions
  Dowan (D:7)
  A wyvern skeleton (D:9)
  2 killer bees (D:12)
  12 wights
  3 howler monkeys
  4 quasits
  A gnoll shaman (D:4)
  7 hounds
  4 jellies
  5 orc priests
  15 orc wizards
  Terence (D:2)
  Jessica (D:3)
  An iguana (D:12)
  7 worker ants
  A hound zombie (D:8)
  12 gnolls
  12 adders
  2 howler monkey skeletons
  3 shadow imps
  5 white imps
  3 ufetubi
  An ooze (D:4)
  An adder skeleton (D:6)
  7 leopard geckos
  40 orcs
  2 ball pythons
  9 giant cockroaches
  7 goblins
  4 hobgoblins
  16 jackals
  6 quokkas
  2 frilled lizards (D:3)
  13 kobolds
  A rat (D:2)
338 creatures vanquished.

Vanquished Creatures (collateral kills)
  Rupert (D:12)
  A stone giant (D:9)
  A hydra (D:11)
  Fannar (D:12)
  A deep elf mage (D:12)
  A cyclops (D:12)
  An ugly thing (D:12)
  A centaur skeleton (D:12)
  3 centaurs (D:12)
  A killer bee (D:12)
  A bullfrog skeleton (D:12)
  2 orc wizards (D:12)
  A worker ant zombie (D:11)
  A kobold (D:12)
17 creatures vanquished.

Vanquished Creatures (others)
  A killer bee (D:12)
  A fungus (D:11)
  A plant (D:11)
3 creatures vanquished.

Grand Total: 358 creatures vanquished

Notes
Turn   | Place    | Note
-------+----------+-------------------------------------------
     0 | D:1      | Flugslaktarn the Deep Dwarf Fighter began the quest for the
                  | Orb.
     0 | D:1      | Reached XP level 1. HP: 20/20 MP: 1/1
   440 | D:2      | Reached XP level 2. HP: 28/28 MP: 2/2
   480 | D:2      | Noticed a sky beast
   484 | D:2      | Reached XP level 3. HP: 34/34 MP: 3/3
   494 | D:2      | Killed a sky beast
   494 | D:2      | Reached skill level 3 in Axes
   494 | D:2      | Reached XP level 4. HP: 26/43 MP: 4/4
   498 | D:2      | Noticed Terence
   510 | D:2      | Killed Terence
   510 | D:2      | Reached XP level 5. HP: 28/50 MP: 5/5
   517 | D:2      | Noticed Sigmund
   545 | D:2      | Killed Sigmund
   545 | D:2      | Reached skill level 4 in Axes
   545 | D:2      | Reached XP level 6. HP: 10/57 MP: 6/6
   724 | D:3      | Noticed Jessica
   730 | D:3      | Killed Jessica
   855 | D:3      | Found a bloodstained altar of Trog.
   866 | D:3      | Reached skill level 5 in Axes
   978 | D:4      | Reached XP level 7. HP: 55/66 MP: 6/6
  1062 | D:4      | You fall into a shaft and drop 1 floor!
  1062 | D:5      | Entered Level 5 of the Dungeon
  1074 | D:5      | Reached skill level 5 in Fighting
  1186 | D:4      | Reached skill level 5 in Shields
  1354 | D:4      | Found a hazy altar of Hepliaklqana.
  1379 | D:4      | Found Olohaono's Book Shop.
  1401 | D:4      | Reached skill level 6 in Axes
  1401 | D:4      | Reached skill level 5 in Armour
  1513 | D:4      | Reached XP level 8. HP: 52/75 MP: 6/6
  1608 | D:4      | Found a glowing drain.
  2017 | D:5      | Found an opulent altar of Gozag.
  2081 | D:5      | Found an iron altar of Okawaru.
  2147 | D:5      | Found a staircase to the Ecumenical Temple.
  2341 | Temple   | Entered the Ecumenical Temple
  2508 | Temple   | Became a worshipper of Makhleb the Destroyer
  2722 | D:6      | Reached skill level 1 in Invocations
  2722 | D:6      | Reached skill level 1 in Evocations
  2739 | D:6      | Noticed Maggie
  2750 | D:6      | Reached skill level 7 in Axes
  2755 | D:6      | Killed Maggie
  2783 | D:6      | Found Fyog's General Store.
  2800 | D:6      | Bought a scroll of blinking for 82 gold pieces
  2845 | D:6      | Bought a scroll of magic mapping for 38 gold pieces
  3181 | D:6      | Gained mutation: You passively map the area around you.
                  | [Deep Dwarf growth]
  3181 | D:6      | Reached XP level 9. HP: 45/85 MP: 8/8
  3207 | D:6      | Noticed Menkaure
  3221 | D:6      | Killed Menkaure
  3241 | D:6      | Found an opulent altar of Gozag.
  3351 | D:6      | Reached * piety under Makhleb
  3630 | D:7      | Found an ornate altar of the Wu Jian Council.
  3632 | D:7      | Found a snail-covered altar of Cheibriados.
  3632 | D:7      | Found an opulent altar of Gozag.
  3700 | D:7      | Found a white marble altar of Elyvilon.
  3700 | D:7      | Found a runed translucent door.
  3700 | D:7      | Noticed an angel
  3817 | D:7      | Noticed Duvessa
  3818 | D:7      | Noticed Dowan
  3826 | D:7      | Killed Dowan
  3826 | D:7      | Reached skill level 8 in Axes
  3836 | D:7      | Killed Duvessa
  3888 | D:7      | Noticed Joseph
  3914 | D:7      | Killed Joseph
  4402 | D:8      | Found a broken altar of Ashenzari.
  4947 | D:9      | Reached ** piety under Makhleb
  5040 | D:9      | Found a staircase to the Orcish Mines.
  5040 | D:9      | Noticed a troll
  5048 | D:9      | Reached XP level 10. HP: 63/94 MP: 11/11
  5056 | D:9      | Reached skill level 9 in Axes
  5132 | D:9      | Reached skill level 5 in Evocations
  5150 | D:9      | Reached skill level 5 in Invocations
  5326 | D:9      | Noticed Grum
  5378 | D:9      | Killed Grum
  5382 | D:9      | Found a sparkling altar of Nemelex Xobeh.
  5387 | D:9      | Found a sacrificial altar of Ru.
  5415 | D:9      | Reached *** piety under Makhleb
  5774 | D:9      | Noticed a centaur warrior
  5774 | D:9      | Noticed a skeletal warrior
  5807 | D:9      | Killed a centaur warrior
  5807 | D:9      | Reached skill level 10 in Axes
  5855 | D:9      | Killed a skeletal warrior
  5855 | D:9      | Reached XP level 11. HP: 52/104 MP: 5/5
  5867 | D:9      | Noticed a catoblepas
  5867 | D:9      | Noticed a stone giant
  5961 | D:9      | Killed a stone giant
  5982 | D:9      | Killed a catoblepas
  6010 | D:10     | Entered Level 10 of the Dungeon
  6018 | D:10     | Noticed a two-headed ogre
  6020 | D:10     | Noticed a tengu warrior
  6027 | D:10     | Reached **** piety under Makhleb
  6038 | D:10     | Killed a two-headed ogre
  6056 | D:10     | Killed a tengu warrior
  6316 | D:10     | Reached skill level 11 in Axes
  6775 | D:11     | Killed an unseen horror
  6798 | D:11     | Noticed a two-headed ogre
  6807 | D:11     | Killed a two-headed ogre
  6807 | D:11     | Reached XP level 12. HP: 77/116 MP: 4/4
  6852 | D:11     | Reached skill level 10 in Fighting
  6860 | D:11     | Noticed a five-headed hydra
  6875 | D:11     | Killed a five-headed hydra
  7002 | D:11     | Found a staircase to the Lair.
  7492 | D:12     | Noticed Rupert
  7525 | D:12     | Paralysed by Rupert for 3 turns
  7529 | D:12     | Killed Rupert
  7565 | D:12     | Reached skill level 12 in Axes
  7622 | D:12     | Noticed Jorgrun
  7649 | D:12     | Killed Jorgrun
  7649 | D:12     | Paralysed by a hornet for 2 turns
  7735 | D:12     | Noticed Fannar
  7749 | D:12     | Killed Fannar
  7831 | D:12     | HP: 3/118 [kobold/exploding inner flame[the player
                  | character] (37)]
  8052 | D:12     | Found a runed translucent door.
  8079 | D:12     | Noticed a two-headed ogre
  8084 | D:12     | Killed a two-headed ogre
  8091 | D:12     | Found a runed translucent door.
  8092 | D:12     | Found a runed translucent door.
  8092 | D:12     | Noticed a merfolk avatar
  8092 | D:12     | Noticed a merfolk impaler
  8323 | D:13     | HP: 5/118 [troll (2)]
  8356 | D:13     | Killed from afar by an efreet

Illustrated notes

Levels and vault maps discovered:
D:1:      psy_arrival_dodecagon, layout_loops_corners
D:2:      layout_loops_ring, lemuel_coloured_pillars_altar,
          nicolae_overflow_hidden_temple, uniq_natasha, uniq_sigmund,
          uniq_terence
D:3:      layout_loops_ring, old_standard_altar, uniq_jessica
D:4:      layout_gridville, kennysheep_mini_moat, gup_sewer_entry_pipe,
          serial_shops, nicolae_shop_crystal, chequers_hall_statues_wall_a
D:5:      layout_rooms, kennysheep_little_box, minmay_temple_entry_nine_rooms,
          nicolae_gozag_seed_capital
D:6:      layout_loops_corners, serial_shops, nicolae_shop_waterfront,
          basic_altar, uniq_menkaure, uniq_maggie
D:7:      layout_gridville, gammafunk_temple_overflow_forgotten,
          lemuel_angel_altar, uniq_duvessa, uniq_joseph
D:8:      layout_loops_ring, nicolae_overflow_crystal_walls
D:9:      minmay_shrinking_squares, layout_gridville, minitemple,
          kennysheep_orc_monster_closet_entryway, special_room
          [special_room_orc], uniq_grum
D:10:     layout_rooms
D:11:     layout_basic, david_lair_generic
D:12:     layout_roguey, mikee_hates_you, uniq_fannar, uniq_rupert, uniq_jorgrun
D:13:     layout_loops_ring, serial_shops, shop, shop,
          nicolae_shop_temple_entry_statues_fountains,
          nicolae_shop_window_shopping, kennysheep_nondescript
Temple:   minmay_temple_curvy_loop

Skill      XL: |  1  2  3  4  5  6  7  8  9 10 11 12 |
---------------+-------------------------------------+-----
Fighting       | 3 4 5 6 7 8 9 10 | 10.8
Axes           | 3 4 5 6 7 8 10 11 12 | 12.5
Armour         | 4 5 6 7 8 9 |  9.5
Shields        | 4 5 6 7 8 9 |  9.4
Invocations    | 2 4 6 7 9 |  9.0
Evocations     | 2 4 6 7 9 |  9.1

Action                   |  1- 3 |  4- 6 |  7- 9 | 10-12 || total
-------------------------+-------+-------+-------+-------++-------
Melee: War axe           |    44 |    94 |   502 |   848 ||  1488
       Broad axe         |       |       |       |    23 ||    23
Invok: Lesser Servant of |       |       |       |     7 ||     7
 Abil: Heal Wounds       |       |     3 |    18 |    39 ||    60
Evoke: Wand              |       |       |       |     5 ||     5
  Use: Potion            |       |     1 |     1 |     6 ||     8
       Scroll            |       |       |    12 |     5 ||    17
 Stab: Sleeping          |       |       |       |     5 ||     5
       Petrified         |       |       |       |     3 ||     3
       Distracted        |       |       |       |     3 ||     3
Armor: Scale mail        |    21 |    30 |   131 |       ||   182
       Skin              |       |    18 |       |       ||    18
       Chain mail        |       |       |   118 |   145 ||   263
       Plate armour      |       |       |       |   604 ||   604
Dodge: Dodged            |    12 |    16 |   161 |   229 ||   418
Block: Kite shield       |    20 |    38 |   328 |   617 ||  1003

Table legend: (Time is in decaauts)
 A = Elapsed time spent in this place.
 B = Non-inter-level travel time spent in this place.
 C = Inter-level travel time spent in this place.
 D = Time resting spent in this place.
 E = Time spent auto-exploring this place.
 F = Levels seen in this place.
 G = Mean time per level.
                   A        B        C        D        E       F      G
               +--------+--------+--------+--------+--------+-----+--------+
         Total |   8524 |   7852 |    672 |     10 |   5189 |  14 |  608.9 |
       Dungeon |   8321 |   7725 |    596 |     10 |   5064 |  13 |  640.1 |
        Temple |    202 |    127 |     75 |      0 |    125 |   1 |  202.0 |
               +--------+--------+--------+--------+--------+-----+--------+

Top non-repeatable levels by time:
     D:9: 1112 daAuts
     D:4: 1002 daAuts
     D:6: 933 daAuts
    D:11: 799 daAuts
     D:7: 748 daAuts
    D:12: 678 daAuts
    D:10: 642 daAuts
     D:5: 595 daAuts
     D:8: 585 daAuts
     D:1: 441 daAuts
     D:3: 348 daAuts
     D:2: 224 daAuts
    D:13: 209 daAuts
  Temple: 202 daAuts
